 Dungeon Crawl Stone Soup version 0.30-a0-1164-ge08a67761e (webtiles) character file.

Game seed: 4890737015575313776

75 backslashecho the Shooter (level 4, 0/25 HPs)
             Began as a Kobold Hexslinger on Apr 29, 2023.
             Killed by divine providence
             ... invoked by an orc priest
              (15 damage)
             ... on level 3 of the Dungeon.
             The game lasted 00:04:27 (2056 turns).

backslashecho the Shooter (Kobold Hexslinger)       Turns: 2056, Time: 00:04:28

Health: 0/25       AC:  2    Str:  7    XL:     4   Next: 55%
Magic:  5/5        EV: 15    Int: 14    God:
Gold:   75         SH:  0    Dex: 17    Spells: 4/5 levels left

rFire   . . .        a - +1 sling
rCold   . . .        (no shield)
rNeg    . . .        c - +0 robe
rPois   .            (no helmet)
rElec   .            (no cloak)
rCorr   .            (no gloves)
SInv    .            (no boots)
Will    .....        (no amulet)
Stlth   +++          (no ring)
HPRegen 0.24/turn    (no ring)
MPRegen 0.09/turn

%: no passive effects
@: no status effects
A: small, no large weapons, nightstalker 3
a: no special abilities


You were on level 3 of the Dungeon.
You visited 1 branch of the dungeon, and saw 3 of its levels.

You collected 75 gold pieces.

Inventory:

Hand Weapons
 a - a +1 sling (weapon)
Missiles
 f - 3 curare-tipped darts (quivered)
Armour
 c - a +0 robe (worn)
Scrolls
 b - a scroll of poison
 d - 3 scrolls of magic mapping {unknown}
 e - a scroll of silence {unknown}
 g - 2 scrolls of identify {unknown}
 h - 2 scrolls of teleportation {unknown}
 j - a scroll of noise {unknown}
 k - 2 scrolls of vulnerability {unknown}
Potions
 i - a potion of brilliance {unknown}
 l - a potion of curing {unknown}
 m - a potion of heal wounds {unknown}


   Skills:
 - Level 1.1 Fighting
 * Level 4.6 Ranged Weapons
 + Level 3.3 Dodging
 - Level 1.1 Spellcasting
 + Level 3.5 Hexes


You had 4 spell levels left.
You knew the following spells:

 Your Spells              Type           Power      Damage    Failure   Level
a - Slow                  Hex            40%        N/A       6%          1

Your spell library contained the following spells:

 Spells                   Type           Power      Damage    Failure   Level
 Tukima's Dance           Hex            10%        N/A       19%         3
 Inner Flame              Hex/Fire       5%         N/A       36%         3
 Portal Projectile        Hex/Tloc       10%        N/A       36%         3
 Cause Fear               Hex            5%         N/A       52%         4
 Passage of Golubria      Tloc           0%         N/A       95%         4
 Yara's Violent Unravell  Hex/Tmut       2%         3d3       98%         5


Dungeon Overview and Level Annotations

Branches:
Dungeon (3/15)

Altars:

Shops:
D:2 (


Innate Abilities, Weirdness & Mutations

You are small and have problems with some larger weapons.
You are completely attuned to the shadows.


Message History

Found a stone staircase leading up.
You see here the +0 scale mail of Wu Jian's Pride {Str+4}.
A hobgoblin is nearby!
You shoot a sling bullet. The hobgoblin shouts!
The sling bullet hits the hobgoblin.
You kill the hobgoblin!
You hear a shout!
No target in view!
No target in view!
An orc priest comes into view. It is wielding a +0 dagger.
Things that are here:
8 stones; a scroll labelled WAANUG RAXO An orc priest is nearby!
You shoot a sling bullet.
The sling bullet barely misses the orc priest.
An orc priest is nearby!
You shoot a sling bullet.
The sling bullet closely misses the orc priest.
You shoot a sling bullet.
The sling bullet closely misses the orc priest.
The orc priest mumbles some strange prayers to Beogh against you.
Pain shoots through your body!
You take 8 damage, and have 17/25 hp.
MASSIVE DAMAGE!!
You shoot a sling bullet.
The sling bullet closely misses the orc priest.
The orc priest hits you with a +0 dagger.
You take 2 damage, and have 15/25 hp.
You shoot a sling bullet. The sling bullet hits the orc priest.
The orc priest is moderately wounded.
You hear a shout!
An orc comes into view. It is wielding a +0 club.
The orc priest hits you with a +0 dagger.
You take 1 damage, and have 14/25 hp.
You shoot a sling bullet. The sling bullet hits the orc priest.
The orc priest is severely wounded.
The orc priest invokes the aid of Beogh against you.
Beogh smites you!
Ouch! That really hurt!
You die...

####.#....####
#.#.......# #.##..###..
#.##.. ### #.##..# # .
#.#.##..# #
#..#######.#.##..# #
#.............#..##### #
#..##@o.o..#..........
#.#..##.#####.......###.
........# #.......+...
##..#.########.......###.
.................##### #.
##..#.##########.# #.
....<....# #.# .
##..#.##.# #.# #
....#.##.#######.#


You could see an orc priest and an orc.

Vanquished Creatures
  Jessica (D:2)
  5 bats
  4 endoplasms
  2 giant cockroaches
  2 goblins (D:3)
  7 hobgoblins
  2 jackals (D:2)
  3 kobolds
  2 quokkas (D:2)
  6 ball pythons
  5 frilled lizards
  3 rats
42 creatures vanquished.

Notes
Turn   | Place    | Note
-------+----------+-------------------------------------------
     0 | D:1      | backslashecho the Kobold Hexslinger began the quest for the
                  | Orb.
     0 | D:1      | Reached XP level 1. HP: 12/12 MP: 2/2
    94 | D:1      | Reached skill level 3 in Ranged Weapons
   169 | D:1      | Found a faded altar of an unknown god.
   248 | D:1      | Reached XP level 2. HP: 16/16 MP: 1/3
  1052 | D:2      | Reached XP level 3. HP: 20/20 MP: 4/4
  1172 | D:2      | Found Pekkebb's Antique Weapon Shoppe.
  1359 | D:2      | Reached skill level 4 in Ranged Weapons
  1670 | D:2      | Noticed Jessica
  1672 | D:2      | Killed Jessica
  1673 | D:2      | Reached XP level 4. HP: 25/25 MP: 5/5
  2000 | D:3      | Identified the +0 scale mail of Wu Jian's Pride {Str+4}
  2056 | D:3      | Killed from afar by an orc priest

Illustrated notes

Levels and vault maps discovered:
D:1:      dpeg_arrival_lava_temple_mockup, layout_loops_ring,
          hellmonk_ecumenical_altar_zigzags
D:2:      layout_loops_ring, serial_shops, nicolae_lakefront_shop,
          kennysheep_jessica_study
D:3:      layout_basic, grunt_decor_fettered

Skill      XL: |  1  2  3 |
---------------+----------+-----
Ranged Weapons | 3 4 |  4.6
Dodging        | 3 |  3.3
Fighting       | |  1.1
Spellcasting   | |  1.1
Hexes          | |  3.5

Action                     |  1- 3 |  4- 6 || total
---------------------------+-------+-------++-------
   Fire: Sling             |    78 |    24 ||   102
 Armour: Robe              |     6 |       ||     6
  Dodge: Dodged            |    30 |     4 ||    34

Table legend: (Time is in decaauts)
 A = Elapsed time spent in this place.
 B = Non-inter-level travel time spent in this place.
 C = Inter-level travel time spent in this place.
 D = Time resting spent in this place.
 E = Time spent auto-exploring this place.
 F = Levels seen in this place.
 G = Mean time per level.
                   A        B        C        D        E       F      G
               +--------+--------+--------+--------+--------+-----+--------+
         Total |   2078 |   1941 |    137 |     22 |   1686 |   3 |  692.7 |
       Dungeon |   2078 |   1941 |    137 |     22 |   1686 |   3 |  692.7 |
               +--------+--------+--------+--------+--------+-----+--------+

Top non-repeatable levels by time:
     D:1: 955 daAuts
     D:2: 842 daAuts
     D:3: 280 daAuts
